AoeStats
← shamix709

Arena

510146610Analyzed
2v2 RM · 1d ago on Sep 29, 2026· 38m 51s· 4 players
Game mode
Random Map
Map size
Medium (4 player)
Population
200
Speed
Normal
Resources
Standard
Victory
Conquest
Starting age
Dark Age
Ending age
Imperial Age
RankedLock teamsTeams togetherTeam positionsShared explorationLock speedFull tech treeHidden civsTurbo modeCheats
Victory
Defeat
🇷🇺 Saracens · Russia
1083
+12
🇹🇷 Celts · Türkiye
1060
+13
🇺🇸 Koreans · United States
1028
-14
🇨🇭 Saxons · Switzerland
957
-11
shamix709
2:42 Loom
11:00 Feudal Age
13:24 Double-Bit Axe
16:47 Gold Mining
17:04 Fletching
17:42 Horse Collar
21:47 Stone Mining
25:10 Castle Age
25:54 Crossbowman
26:51 Bow Saw
27:19 Gold Shaft Mining
26:51 Heavy Plow
27:19 Bodkin Arrow
28:13 Husbandry
27:36 Light Cavalry
28:35 Forging
28:52 Bloodlines
32:03 Wheelbarrow
31:50 Fortified Wall
31:51 Masonry
31:57 Scale Barding Armor
33:31 Iron Casting
34:34 Hand Cart
39:52 Imperial Age
39:46 Ballistics
HUNKAR
10:46 Feudal Age
10:49 Feudal Age
11:02 Feudal Age
15:32 Castle Age
13:19 Double-Bit Axe
13:25 Horse Collar
14:25 Stone Mining
14:49 Gold Mining
16:48 Bow Saw
19:25 Wheelbarrow
24:09 Hand Cart
29:13 Imperial Age
28:01 Forging
28:12 Fletching
29:07 Gold Shaft Mining
29:13 Stone Shaft Mining
29:07 Bodkin Arrow
29:36 Padded Archer Armor
30:02 Ballistics
29:55 Heavy Plow
30:46 Siege Engineers
32:13 Conscription
32:39 Heavy Scorpion
34:41 Forging
34:22 Arson
34:09 Elite Woad Raider
36:19 Furor Celtica
36:50 Capped Ram
38:19 Leather Archer Armor
AoeAuthority.com
11:23 Feudal Age
16:21 Castle Age
15:48 Double-Bit Axe
15:54 Horse Collar
17:08 Loom
17:38 Crossbowman
19:06 Pikeman
19:58 Fletching
22:19 Heavy Plow
23:49 Bodkin Arrow
27:32 Gold Mining
27:58 Bow Saw
34:15 Imperial Age
32:45 Ballistics
34:00 Wheelbarrow
33:11 Town Watch
38:06 Hand Cart
Meninkain
10:22 Feudal Age
12:04 Loom
16:00 Castle Age
18:48 Fletching
23:24 Double-Bit Axe
26:53 Arson
27:54 Forging
28:57 Scale Mail Armor
31:18 Bow Saw
31:19 Horse Collar
33:52 Wheelbarrow
34:01 Squires
34:58 Gambesons
35:50 Iron Casting
35:30 Chain Mail Armor
41:42 Imperial Age
Connection lost

Rejoining the realm…

Still unreachable

The connection could not be restored.

Session expired

The server has moved on; the page needs a fresh start.